 Dungeon Crawl Stone Soup version 0.30-a0-1164-ge08a67761e (webtiles) character file.

Game seed: 839338314455065547

301 themarg the Ruffian (level 6, -9/63 HPs)
             Began as a Troll Fighter on Apr 30, 2023.
             Killed by divine providence
             ... invoked by an orc priest
              (11 damage)
             ... on level 4 of the Dungeon.
             The game lasted 00:05:41 (2322 turns).

themarg the Ruffian (Troll Fighter)                 Turns: 2322, Time: 00:05:41

Health: -9/63      AC:  5    Str: 33    XL:     6   Next: 14%
Magic:  5/5        EV: 10    Int:  4    God:
Gold:   171        SH:  0    Dex:  9    Spells: 5/5 levels left

rFire   . .          .
                       - Unarmed
rCold   . . .        (no shield)
rNeg    . . .        a - +0 robe
rPois   .            (helmet restricted)
rElec   .            g - +0 cloak
rCorr   .            (gloves unavailable)
SInv    .            (boots unavailable)
Will    .....        (no amulet)
Stlth   +            m - +6 ring of strength
HPRegen 1.10/turn    (no ring)
MPRegen 0.09/turn

%: no passive effects
@: no status effects
A: large, unfitting armour, claws 3, regeneration 1, shaggy fur 1, tough skin 1
a: no special abilities


You were on level 4 of the Dungeon.
You visited 1 branch of the dungeon, and saw 4 of its levels.

You collected 225 gold pieces.
You spent 54 gold pieces at shops.

Inventory:

Missiles
 d - 79 stones (quivered)
Armour
 a - a +0 robe (worn)
 b - a +0 kite shield
 g - a +0 cloak (worn)
 k - a scarf of repulsion
Jewellery
 m - a +6 ring of strength (left claw)
Scrolls
 h - a scroll of fog
 n - a scroll of silence
 o - a scroll of teleportation {unknown}
 q - a scroll of magic mapping {unknown}
 r - a scroll of blinking {unknown}
 t - a scroll of poison {unknown}
 v - a scroll of noise {unknown}
Potions
 c - 3 potions of might
 e - a potion of ambrosia {unknown}
 f - 5 potions of curing
 i - 3 potions of heal wounds
 j - 2 potions of flight
 l - a potion of mutation {unknown}
 p - a potion of magic {unknown}
 s - a potion of attraction {unknown}
 u - a potion of lignification {unknown}


   Skills:
 + Level 4.4 Fighting
 - Level 2.4 Dodging
 - Level 2.6 Shields
 + Level 4.8 Unarmed Combat


You had 5 spell levels left.
You didn't know any spells.
Your spell library was empty.

Dungeon Overview and Level Annotations

Branches:
Dungeon (4/15)
 Temple: D:4-7

Altars:

Shops:
D:3 *

Annotations:
D:2 1 runed translucent door, Crazy Yiuf


Innate Abilities, Weirdness & Mutations

You are too large for most types of armour.
You have claws for hands.
Your natural rate of healing is unusually fast.
You are covered in fur. (AC +1)
You have tough skin. (AC +1)


Message History

You see here a hobgoblin corpse.
You now have 171 gold pieces (gained 13).
You open the door. 2 orcs and 2 orc priests come into view.
An orc priest is wielding a +1 dagger of electrocution.
The orc shouts! x2; The orc priest shouts!
An orc comes into view. It is wielding a +0 club.
The orc priest moves out of view.
Found 4 gold pieces.
Found a roughly hewn altar of Beogh.
The orc priest hits you with a +1 dagger of electrocution.
You are electrocuted!
* * * LOW HITPOINT WARNING * * *
You scratch the orc priest.
The orc priest is lightly wounded.
The orc priest hits you with a +1 dagger of electrocution.
* * * LOW HITPOINT WARNING * * *
You scratch the orc priest.
The orc priest is moderately wounded.
The orc priest closely misses you.
You feel much better.
The orc priest invokes the aid of Beogh against you.
Beogh smites you!
The orc shouts!
You scratch the orc priest.
The orc priest is moderately wounded.
The orc priest hits you with a +1 dagger of electrocution.
You scratch the orc priest.
The orc priest is heavily wounded.
The orc priest hits you but does no damage.
You are electrocuted!!
* * * LOW HITPOINT WARNING * * *
You claw the orc priest!
The orc priest is almost dead.
The orc priest hits you with a +1 dagger of electrocution.
* * * LOW HITPOINT WARNING * * *
You barely miss the orc priest.
The orc priest is almost dead.
The orc priest invokes the aid of Beogh against you.
Beogh smites you!
You die...

###### ###.@oo#
#...##o# ###.###
..# #####....#
.8.# ##.......##
o.$#
######.........#
o8.#
.......#†..<...#
o.##
...###..........#
###
..>))............#


You could see an orc priest and 2 orcs.

Vanquished Creatures
  An ice beast (D:3)
  An orc priest (D:4)
  8 adders
  2 worms
  A dart slug (D:1)
  6 orcs
  8 ball pythons
  4 bats
  6 endoplasms
  2 giant cockroaches
  3 goblins (D:1)
  5 hobgoblins
  16 jackals
  4 quokkas
  6 frilled lizards
  8 kobolds
  6 rats
87 creatures vanquished.

Notes
Turn   | Place    | Note
-------+----------+-------------------------------------------
     0 | D:1      | themarg the Troll Fighter began the quest for the Orb.
     0 | D:1      | Reached XP level 1. HP: 22/22 MP: 0/0
   110 | D:1      | Reached XP level 2. HP: 28/29 MP: 1/1
   334 | D:1      | Reached XP level 3. HP: 37/37 MP: 2/2
   753 | D:2      | Found a runed translucent door.
   754 | D:2      | Noticed Crazy Yiuf
   849 | D:2      | Reached XP level 4. HP: 45/45 MP: 3/3
  1494 | D:3      | Noticed an ice beast
  1506 | D:3      | Killed an ice beast
  1507 | D:3      | Reached XP level 5. HP: 42/54 MP: 4/4
  1585 | D:3      | Found Xiciutt's Assorted Antiques.
  1597 | D:3      | Bought a scroll of identify for 54 gold pieces
  2279 | D:4      | Identified the orb of the Moon Troll {guile, +Inv rC+
                  | rCorr}
  2285 | D:4      | Reached XP level 6. HP: 62/62 MP: 5/5
  2320 | D:4      | HP: 3/63 [orc priest/+1 dagger of electrocution (20)]
  2321 | D:4      | HP: 1/63 [orc priest/+1 dagger of electrocution (3)]
  2322 | D:4      | Killed from afar by an orc priest

Illustrated notes

Levels and vault maps discovered:
D:1:      minmay_arrival_plants_in_alcoves, layout_rooms
D:2:      layout_basic, uniq_crazy_yiuf_cottage
D:3:      layout_basic, serial_shops, shop, serial_bayou_pond_b, st_stairs_4,
          dk_vineyard_3, minmay_circle_x
D:4:      layout_loops_ring, corner_web_ring, kennysheep_orc_chapel

Skill      XL: |  1  2  3  4 |
---------------+-------------+-----
Fighting       | 3 4 |  4.4
Unarmed Combat | 3 4 |  4.8
Dodging        | |  2.4
Shields        | |  2.6

Action                     |  1- 3 |  4- 6 || total
---------------------------+-------+-------++-------
  Melee: Unarmed           |    96 |   129 ||   225
         Punch             |     1 |       ||     1
    Use: Scroll            |       |     5 ||     5
         Potion            |       |     1 ||     1
 Armour: Robe              |    60 |    44 ||   104
  Dodge: Dodged            |    67 |    41 ||   108

Table legend: (Time is in decaauts)
 A = Elapsed time spent in this place.
 B = Non-inter-level travel time spent in this place.
 C = Inter-level travel time spent in this place.
 D = Time resting spent in this place.
 E = Time spent auto-exploring this place.
 F = Levels seen in this place.
 G = Mean time per level.
                   A        B        C        D        E       F      G
               +--------+--------+--------+--------+--------+-----+--------+
         Total |   2306 |   2184 |    122 |      5 |   1689 |   4 |  576.5 |
       Dungeon |   2306 |   2184 |    122 |      5 |   1689 |   4 |  576.5 |
               +--------+--------+--------+--------+--------+-----+--------+

Top non-repeatable levels by time:
     D:3: 784 daAuts
     D:2: 781 daAuts
     D:1: 489 daAuts
     D:4: 250 daAuts
